 Dungeon Crawl Stone Soup version 0.30.0-29-ga12c61a403 (webtiles) character file.

Game seed: 16285420041541302833

26 jagang the Conjurer (level 3, -6/21 HPs)
             Began as an Octopode Conjurer on June 6, 2023.
             Killed from afar by Natasha (10 damage)
             ... with a puff of flame
             ... on level 2 of the Dungeon on June 7, 2023.
             The game lasted 00:02:32 (908 turns).

jagang the Conjurer (Octopode Conjurer)              Turns: 908, Time: 00:02:32

Health: -6/21      AC:  1    Str:  6    XL:     3   Next: 8%
Magic:  3/6        EV: 13    Int: 22    God:
Gold:   4          SH:  0    Dex: 10    Spells: 5/6 levels left

rFire   . . .        c - +0 trident
rCold   . . .        (no shield)
rNeg    . . .        (helmet restricted)
rPois   .            (no amulet)
rElec   .            (no ring)
rCorr   .            (no ring)
SInv    .            (no ring)
Will    .....        (no ring)
Stlth   +++          (no ring)
HPRegen 0.23/turn    (no ring)
MPRegen 0.10/turn    (no ring)
                     (no ring)

%: no passive effects
@: no status effects
A: almost no armour, amphibious, 8 rings, camouflage 1, gelatinous body 1,
(nimble swimmer 1), tentacles
a: no special abilities


You were on level 2 of the Dungeon.
You visited 1 branch of the dungeon, and saw 2 of its levels.

You collected 4 gold pieces.

Inventory:

Hand Weapons
 c - a +0 trident (weapon)
Scrolls
 e - a scroll of acquirement {unknown}
 f - a scroll of teleportation {unknown}
 g - a scroll of identify {unknown}
Potions
 a - a potion of magic
 b - a potion of lignification {unknown}
 d - 2 potions of brilliance {unknown}
 h - 2 potions of haste {unknown}


   Skills:
 + Level 2.4 Dodging
 * Level 4.0 Stealth
 - Level 2.0 Spellcasting
 + Level 4.2 Conjurations


You had 5 spell levels left.
You knew the following spells:

 Your Spells              Type           Power      Damage    Failure   Level
a - Magic Dart            Conj           80%        1d7       2%          1

Your spell library contained the following spells:

 Spells                   Type           Power      Damage    Failure   Level
 Searing Ray              Conj           40%        2d5       3%          2
 Dazzling Flash           Conj/Hex       22%        N/A       17%         3
 Fulminant Prism          Conj/Hex       5%         3d7       50%         4
 Iskenderun's Mystic Bla  Conj/Tloc      11%        2d4       50%         4


Dungeon Overview and Level Annotations

Branches:
Dungeon (2/15)

Altars:

Annotations:
D:2 Natasha


Innate Abilities, Weirdness & Mutations

You cannot wear most types of armour.
You are amphibious.
You can wear up to eight rings at the same time.
Your skin changes colour to match your surroundings (Stealth+).
Your rubbery body absorbs attacks. (AC +1, EV +1)
((You are camouflaged when in or above water. (Stealth+)))
You have tentacles for arms and can constrict up to eight enemies at once.


Message History

The magic dart hits the giant cockroach.
You kill the giant cockroach!
Your Stealth skill increases to level 4!
You see here a frilled lizard corpse.
h - 2 inky potions You see here a +0 pair of gloves.
Done exploring.
Done exploring.
There is a stone staircase leading down here.
You climb downwards.
There is a stone staircase leading up here.
The helpless rat fails to defend itself.
You hit the rat.
You kill the rat!
There is a stone staircase leading up here.
You see here a staff of air.
Found a stone staircase leading down.
d - 2 emerald potions (gained 1)
Found a scimitar.
Natasha, Servant of Life and Death comes into view.
She is carrying a wand of flame (18).
The magic dart hits Natasha but does no damage.
Natasha hisses angrily.
You closely miss Natasha. You grab Natasha.
You squeeze Natasha, but do no damage. You constrict Natasha.
Natasha closely misses you.
The magic dart hits Natasha.
Natasha is heavily wounded.
You constrict Natasha, but do no damage.
Natasha stares at you and mumbles some strange words.
The magic dart hits you!
The magic dart hits Natasha.
Natasha is severely wounded.
You constrict Natasha, but do no damage.
Natasha zaps a wand.
The puff of flame misses you.
You hit Natasha.
Natasha is almost dead.
You constrict Natasha. Natasha claws you!
* * * LOW HITPOINT WARNING * * *
Natasha zaps a wand.
The puff of flame hits you!
You die...

.# #.# #.. .. ##
####.## #. .....
#.###h.###
#.#.)@...# #.
#.#......#
##.##.#......#
#............#
#......##....#
#............#
..####.....######
####...........
..........#####


You could see Natasha.

Vanquished Creatures
  A dart slug (D:1)
  An endoplasm (D:1)
  5 giant cockroaches (D:1)
  3 hobgoblins (D:1)
  A kobold (D:1)
  2 quokkas (D:1)
  2 ball pythons (D:1)
  5 frilled lizards (D:1)
  A goblin (D:1)
  2 rats
23 creatures vanquished.

Notes
Turn   | Place    | Note
-------+----------+-------------------------------------------
     0 | D:1      | jagang the Octopode Conjurer began the quest for the Orb.
     0 | D:1      | Reached XP level 1. HP: 11/11 MP: 3/3
     6 | D:1      | Noticed a polar bear
     6 | D:1      | Noticed a hound
     7 | D:1      | Noticed a water moccasin
     7 | D:1      | Noticed a swamp worm
   172 | D:1      | Reached XP level 2. HP: 17/17 MP: 0/5
   483 | D:1      | Found a faded altar of an unknown god.
   700 | D:1      | Reached XP level 3. HP: 21/21 MP: 3/6
   903 | D:2      | Noticed Natasha
   908 | D:2      | Killed from afar by Natasha

Illustrated notes

Levels and vault maps discovered:
D:1:      onia_arrival_zoo_common, layout_rooms,
          shapermc_ecumenical_altar_mp_highgroup
D:2:      minmay_razor_zed, layout_basic, serial_shops,
          nicolae_shop_bloodbath_and_beyond, uniq_natasha

Skill      XL: |  1  2  3 |
---------------+----------+-----
Stealth        | 3 4 |  4.0
Dodging        | |  2.4
Spellcasting   | |  2.0
Conjurations   | |  4.2

Action                     || total
---------------------------++-------
  Melee: Unarmed           ||    16
         Constrict         ||     5
         Tentacles         ||     4
         Trident           ||     4
   Cast: Magic Dart        ||    43
   Stab: Sleeping          ||     1
 Armour: Skin              ||     2
  Dodge: Dodged            ||    14
